 Dungeon Crawl Stone Soup version 0.31-a0-845-g9abc20d24f (console) character file.

Game seed: 1786414701271997897

1218 jejorda2 the Chopper (level 8, -4/100 HPs)
             Began as a Gnoll Berserker on Oct 2, 2023.
             Was a Priest of Trog.
             Slain by Menkaure (10 damage)
             ... on level 6 of the Dungeon.
             The game lasted 00:08:42 (5077 turns).

jejorda2 the Chopper (Gnoll Berserker)              Turns: 5077, Time: 00:08:43

Health: -4/100     AC: 19    Str: 19    XL:     8   Next: 46%
Magic:  13/13      EV:  7    Int:  7    God:    Trog [***...]
Gold:   129        SH:  0    Dex: 11    Spells: 13/13 levels left

rFire   . . .        a - +0 war axe
rCold   . . .        (no shield)
rNeg    . . .        A - +0 plate armour
rPois   .            s - +0 helmet
rElec   .            g - +0 cloak
rCorr   .            w - +2 pair of gloves
SInv    +            v - +0 pair of boots
Will    .....        B - amulet of the acrobat Stlth
                     f - ring of see invisible
HPRegen 0.36/turn    (no ring)
MPRegen 0.13/turn

%: acrobat
@: berserking, very quick
A: fangs 1, strong nose, distributed training
a: Renounce Religion, Berserk, Trog's Hand


You were on level 6 of the Dungeon.
You worshipped Trog.
Trog was most pleased with you.
You visited 1 branch of the dungeon, and saw 7 of its levels.

You collected 178 gold pieces.
You spent 49 gold pieces at shops.

Inventory:

Hand Weapons
 a - a +0 war axe (weapon)
Missiles
 h - 14 poisoned darts
Armour
 g - a +0 cloak (worn)
 s - a +0 helmet (worn)
 v - a +0 pair of boots (worn)
 w - a +2 pair of gloves (worn)
 A - a +0 plate armour (worn)
Jewellery
 f - a ring of see invisible (left hand)
 B - an amulet of the acrobat (around neck)
Wands
 n - a wand of roots (8)
 r - a wand of flame (19)
Scrolls
 b - 4 scrolls of teleportation {unknown}
 i - 2 scrolls of noise {unknown}
 k - a scroll of blinking {unknown}
 l - a scroll of immolation {unknown}
 m - 2 scrolls of revelation {unknown}
 q - 4 scrolls of identify {unknown}
 x - a scroll of poison {unknown}
 y - a scroll of fog {unknown}
 C - a scroll of amnesia {unknown}
 D - a scroll of fear {unknown}
Potions
 c - 4 potions of curing {unknown}
 d - a potion of might {unknown}
 e - a potion of enlightenment {unknown}
 j - a potion of resistance {unknown}
 o - 3 potions of heal wounds {unknown}
 p - a potion of lignification {unknown}
 t - 2 potions of brilliance {unknown}
 u - 3 potions of degeneration {unknown}
 z - a potion of ambrosia {unknown}


   Skills:
 + Level 7.4 Fighting
 + Level 3.3 Short Blades
 + Level 3.3 Long Blades
 + Level 7.4 Axes
 + Level 3.3 Maces & Flails
 + Level 3.3 Polearms
 + Level 3.3 Staves
 + Level 3.3 Ranged Weapons
 + Level 3.3 Throwing
 + Level 5.7 Armour
 + Level 5.7 Dodging
 + Level 3.3 Stealth
 + Level 3.3 Shields
 + Level 3.3 Unarmed Combat
 + Level 3.3 Spellcasting
 + Level 2.7 Conjurations
 + Level 2.7 Hexes
 + Level 2.7 Summonings
 + Level 2.7 Necromancy
 + Level 2.7 Translocations
 + Level 2.7 Transmutations
 + Level 2.7 Fire Magic
 + Level 2.7 Ice Magic
 + Level 2.7 Air Magic
 + Level 2.7 Earth Magic
 + Level 2.7 Poison Magic
 + Level 3.7 Invocations
 + Level 3.3 Evocations
 + Level 3.0 Shapeshifting


You had 13 spell levels left.
You didn't know any spells.
Your spell library was empty.

Dungeon Overview and Level Annotations

Branches:
Dungeon (7/15)             Temple (0/1) D:5

Altars:
Cheibriados
Dithmenos
Vehumet

Shops:
D:2 *

Annotations:
D:6 Menkaure


Innate Abilities, Weirdness & Mutations

You have very sharp teeth.
Your uncanny sense of smell can sniff out nearby items.
Your experience applies equally to all skills.


Message History

HP restored.
You see here an adder corpse.
An adder comes into view.
The adder hisses angrily.
An adder is nearby!
You barely miss the adder. Your bite misses the adder.
The adder bites you but does no damage.
You hit the adder. Your bite misses the adder.
The adder is heavily wounded.
The adder bites you but does no damage. x2
You slash the adder!
You kill the adder!
Trog accepts your kill.
No target in view!
No target in view!
Found 7 stones.
c - 4 emerald potions (gained 1)
You see here 7 stones.
Menkaure, Prince of Dust comes into view.
Menkaure shouts!
Menkaure gestures wildly while chanting.
Menkaure seems to speed up.
Menkaure calls on the powers of darkness!
Your body is wracked with pain!
Menkaure gestures at you while chanting.
Pain shoots through your body!
Menkaure calls on the powers of darkness!
Your body is wracked with pain!
* * * LOW HITPOINT WARNING * * *
You barely miss Menkaure. Menkaure barely misses you. x2
You barely miss Menkaure. Your bite misses Menkaure. Menkaure hits you.
* * * LOW HITPOINT WARNING * * *
A scorpion comes into view.
A red film seems to cover your vision as you go berserk!
You feel yourself moving faster!
You feel mighty! Menkaure hits you!
* * * LOW HITPOINT WARNING * * *
You hit Menkaure.
Menkaure is lightly damaged.
Menkaure hits you!
You die...

#...######.....
#..............
#...######.#.##
#.........†....
##.#########.##
#.# #.## #(#
#...
#.########.##
#.##
#..s.M@.....#
#.#
#..#######..#
#.# #..# #.#
#..# ######.##
#..# #.......#
...###.####..#
.............#
............†
.........#


You could see Menkaure (fast) and a scorpion.

Vanquished Creatures
  3 water moccasins
  A sky beast (D:7)
  A black bear (D:5)
  5 scorpions
  4 hounds
  A jelly (D:4)
  An orc priest (D:6)
  An orc wizard (D:3)
  Terence (D:2)
  Robin (D:3)
  6 adders
  2 ufetubi
  2 worms
  2 dart slugs (D:2)
  15 orcs
  17 ball pythons
  9 endoplasms
  3 giant cockroaches
  10 goblins
  12 hobgoblins
  4 jackals (D:1)
  A quokka (D:4)
  5 bats
  3 frilled lizards
  10 kobolds
  A rat (D:1)
121 creatures vanquished.

Notes
Turn   | Place    | Note
-------+----------+-------------------------------------------
     0 | D:1      | jejorda2 the Gnoll Berserker began the quest for the Orb.
     0 | D:1      | Reached XP level 1. HP: 23/23 MP: 1/1
   149 | D:1      | Reached XP level 2. HP: 23/29 MP: 2/2
   503 | D:1      | Reached XP level 3. HP: 33/35 MP: 3/3
   823 | D:2      | Found a shadowy altar of Dithmenos.
   857 | D:2      | Reached skill level 1 in Invocations
   890 | D:2      | Reached ** piety under Trog
  1246 | D:2      | Reached skill level 1 in Short Blades
  1246 | D:2      | Reached skill level 1 in Long Blades
  1246 | D:2      | Reached skill level 1 in Maces & Flails
  1246 | D:2      | Reached skill level 1 in Polearms
  1246 | D:2      | Reached skill level 1 in Staves
  1246 | D:2      | Reached skill level 1 in Ranged Weapons
  1246 | D:2      | Reached skill level 1 in Throwing
  1246 | D:2      | Reached skill level 1 in Stealth
  1246 | D:2      | Reached skill level 1 in Shields
  1246 | D:2      | Reached skill level 1 in Unarmed Combat
  1246 | D:2      | Reached skill level 1 in Spellcasting
  1246 | D:2      | Reached skill level 1 in Evocations
  1251 | D:2      | Found a faded altar of an unknown god.
  1280 | D:2      | Found Lodwyt's Assorted Antiques.
  1288 | D:2      | Bought a scroll labelled LAOT MEUMUTHRI for 26 gold pieces
  1288 | D:2      | Bought a metallic dark potion for 23 gold pieces
  1504 | D:2      | Noticed Terence
  1511 | D:2      | Killed Terence
  1512 | D:2      | Reached skill level 1 in Shapeshifting
  1512 | D:2      | Reached XP level 4. HP: 41/41 MP: 5/5
  1585 | D:2      | Reached skill level 1 in Conjurations
  1585 | D:2      | Reached skill level 1 in Hexes
  1585 | D:2      | Reached skill level 1 in Summonings
  1585 | D:2      | Reached skill level 1 in Necromancy
  1585 | D:2      | Reached skill level 1 in Translocations
  1585 | D:2      | Reached skill level 1 in Transmutations
  1585 | D:2      | Reached skill level 1 in Fire Magic
  1585 | D:2      | Reached skill level 1 in Ice Magic
  1585 | D:2      | Reached skill level 1 in Air Magic
  1585 | D:2      | Reached skill level 1 in Earth Magic
  1585 | D:2      | Reached skill level 1 in Poison Magic
  1884 | D:3      | Noticed Robin
  1908 | D:3      | Killed Robin
  1909 | D:3      | Reached XP level 5. HP: 40/47 MP: 5/7
  1933 | D:3      | Reached *** piety under Trog
  2064 | D:3      | Found a snail-covered altar of Cheibriados.
  2652 | D:4      | You fall into a shaft and drop 3 floors!
  2668 | D:7      | Identified the +1 rapier "Vadghit" {drain, Int-5 Dex+5
                  | Stlth+}
  2695 | D:7      | Noticed a sky beast
  2708 | D:7      | Killed a sky beast
  2709 | D:7      | Reached XP level 6. HP: 44/53 MP: 8/8
  2757 | D:7      | Noticed a water moccasin
  2766 | D:7      | Killed a water moccasin
  2767 | D:7      | Reached skill level 5 in Armour
  2767 | D:7      | Reached skill level 5 in Dodging
  2768 | D:7      | Reached XP level 7. HP: 59/59 MP: 8/10
  3033 | D:5      | Entered Level 5 of the Dungeon
  3033 | D:5      | Found a staircase to the Ecumenical Temple.
  3493 | D:4      | Found a radiant altar of Vehumet.
  3590 | D:4      | Reached XP level 8. HP: 67/67 MP: 12/12
  5069 | D:6      | Noticed Menkaure
  5077 | D:6      | Slain by Menkaure

Illustrated notes

Levels and vault maps discovered:
D:1:      denvon_arrival_waterhouse, layout_rooms, serial_forest,
          infiniplex_forest_side_room, infiniplex_forest_clump_C,
          infiniplex_forest_clump_C, infiniplex_forest_corner_2,
          infiniplex_forest_clump_curved, infiniplex_forest_clump_diagonal,
          infiniplex_forest_end_2
D:2:      layout_loops_corners, serial_shops, shop, basic_altar,
          shapermc_ecumenical_altar_pompeii, st_stairs_11, uniq_terence
D:3:      layout_basic, mainiacjoe_overflow_alcove_2, minmay_strange_pillars,
          chequers_serial_rivers_large_b, uniq_robin
D:4:      layout_layer_cave, fiery_altar_vehumet, serial_forest,
          infiniplex_forest_clump_curved, infiniplex_forest_clump_large,
          infiniplex_forest_lined_corner, infiniplex_forest_clump_medium,
          infiniplex_forest_end_2, infiniplex_forest_lined_4_way,
          infiniplex_forest_end_2
D:5:      layout_rooms, minmay_temple_entry_ruins, kennysheep_generic_room_4
D:6:      layout_loops_ring, ebering_ghost_sewer_f, uniq_menkaure
D:7:      layout_rooms, pdpol_temple_overflow_zin_treasury_gozag_greed,
          bloody_makhleb, amcnicky_altar_gilded, led_sif_book,
          minmay_misc_feat_plants, uniq_maggie

Skill      XL: |  1  2  3  4  5  6  7  8 |
---------------+-------------------------+-----
Invocations    | 1 2 3 |  3.7
Short Blades   | 1 2 3 |  3.3
Long Blades    | 1 2 3 |  3.3
Maces & Flails | 1 2 3 |  3.3
Polearms       | 1 2 3 |  3.3
Staves         | 1 2 3 |  3.3
Ranged Weapons | 1 2 3 |  3.3
Throwing       | 1 2 3 |  3.3
Stealth        | 1 2 3 |  3.3
Shields        | 1 2 3 |  3.3
Unarmed Combat | 1 2 3 |  3.3
Spellcasting   | 1 2 3 |  3.3
Evocations     | 1 2 3 |  3.3
Shapeshifting  | 1 2 3 |  3.0
Conjurations   | 1 2 |  2.7
Hexes          | 1 2 |  2.7
Summonings     | 1 2 |  2.7
Necromancy     | 1 2 |  2.7
Translocations | 1 2 |  2.7
Transmutations | 1 2 |  2.7
Fire Magic     | 1 2 |  2.7
Ice Magic      | 1 2 |  2.7
Air Magic      | 1 2 |  2.7
Earth Magic    | 1 2 |  2.7
Poison Magic   | 1 2 |  2.7
Armour         | 5 |  5.7
Dodging        | 5 |  5.7
Fighting       | 7 |  7.4
Axes           | 7 |  7.4

Action                     |  1- 3 |  4- 6 |  7- 9 || total
---------------------------+-------+-------+-------++-------
  Melee: Hand axe          |   120 |   130 |       ||   250
         Bite              |    10 |    14 |    40 ||    64
         Punch             |     1 |     4 |     7 ||    12
         War axe           |       |    25 |   255 ||   280
 Invoke: Berserk           |     1 |     1 |     3 ||     5
         Trog's Hand       |       |       |     1 ||     1
   Stab: Sleeping          |     1 |       |       ||     1
 Armour: Animal skin       |    49 |       |       ||    49
         Ring mail         |     8 |     4 |       ||    12
         Scale mail        |       |    77 |    15 ||    92
         Chain mail        |       |       |    49 ||    49
         Plate armour      |       |       |   113 ||   113
  Dodge: Dodged            |    77 |    75 |    87 ||   239

Table legend: (Time is in decaauts)
 A = Elapsed time spent in this place.
 B = Non-inter-level travel time spent in this place.
 C = Inter-level travel time spent in this place.
 D = Time resting spent in this place.
 E = Time spent auto-exploring this place.
 F = Levels seen in this place.
 G = Mean time per level.
                   A        B        C        D        E       F      G
               +--------+--------+--------+--------+--------+-----+--------+
         Total |   5174 |   5030 |    144 |    346 |   3550 |   7 |  739.1 |
       Dungeon |   5174 |   5030 |    144 |    346 |   3550 |   7 |  739.1 |
               +--------+--------+--------+--------+--------+-----+--------+

Top non-repeatable levels by time:
     D:4: 1358 daAuts
     D:2: 958 daAuts
     D:5: 812 daAuts
     D:3: 803 daAuts
     D:1: 756 daAuts
     D:6: 296 daAuts
     D:7: 188 daAuts
